 Dungeon Crawl Stone Soup version 0.28.0 (console) character file.

Game seed: 7152922073057043113

1316 Mandevil the Grasshopper (level 8, -3/51 (60) HPs)
             Began as a Human Warper on Feb 10, 2022.
             Was a Follower of Hepliaklqana.
             Slain by a wight (12 damage)
             ... on level 6 of the Dungeon.
             The game lasted 00:13:31 (8725 turns).

Mandevil the Grasshopper (Human Warper)             Turns: 8725, Time: 00:13:33

HP:   -3/51 (60)    AC:  7    Str: 17    XL:     8   Next: 89%
MP:   11/11         EV: 13    Int: 17    God:    Hepliaklqana [*.....]
Gold: 272           SH:  0    Dex: 15    Spells: 4/11 levels left

rFire   + . .      SeeInvis .   a - +1 spear (vorpal)
rCold   . . .      Faith    .   (no shield)
rNeg    . . .      Spirit   .   b - +1 leather armour
rPois   .          Reflect  .   (no helmet)
rElec   .          Harm     .   p - scarf {repulsion}
rCorr   .          Rampage  .   l - +2 pair of gloves {Dex+3}
Will    .....                   (no boots)
Stlth   +.........              (no amulet)
HPRegen 0.17/turn               h - +6 ring of strength
MPRegen 0.12/turn               u - ring of protection from fire

@: heavily drained, repel missiles
A: reduced essence
a: Renounce Religion, Recall Ancestor, Ancestor Identity


You were on level 6 of the Dungeon.
You worshipped Hepliaklqana.
Hepliaklqana was aware of your devotion.
You visited 2 branches of the dungeon, and saw 7 of its levels.

You collected 272 gold pieces.

Inventory:

Hand Weapons
 a - a +1 vorpal spear (weapon)
 g - a +0 spear
 j - a +0 war axe
 w - a +2 battleaxe of freezing
Missiles
 d - 5 boomerangs of dispersal {=F=f}
 s - 115 stones (quivered)
 v - 5 poisoned darts
Armour
 b - a +1 leather armour (worn)
 l - a +2 pair of gloves of dexterity (worn)
 p - a scarf of repulsion (worn)
Jewellery
 h - a +6 ring of strength (left hand)
 q - a ring of magical power
 u - a ring of protection from fire (right hand)
Wands
 c - a wand of charming (10)
Scrolls
 n - a scroll of amnesia
 o - a scroll of fear
 x - a scroll of blinking
Potions
 e - a potion of heal wounds
 f - 3 potions of attraction {unknown}
 i - 2 potions of brilliance
 k - 2 potions of cancellation
 m - a potion of curing {unknown}
 r - 2 potions of lignification {unknown}
 t - a potion of flight {unknown}


   Skills:
 + Level 7.2 Fighting
 - Level 2.0 Polearms
 - Level 1.0 Throwing
 - Level 1.0 Armour
 - Level 3.6 Dodging
 - Level 2.0 Spellcasting
 + Level 7.4 Translocations


You had 4 spell levels left.
You knew the following spells:

 Your Spells              Type           Power      Damage    Failure   Level
a - Manifold Assault      Tloc           27%        N/A       30%         5
B - Blink                 Tloc           54%        N/A       1%          2

Your spell library contained the following spells:

 Spells                   Type           Power      Damage    Failure   Level
 Gell's Gravitas          Tloc           27%        N/A       3%          3
 Lesser Beckoning         Tloc           27%        N/A       3%          3
 Teleport Other           Tloc           27%        N/A       3%          3


Dungeon Overview and Level Annotations

Branches:
Dungeon (6/15)             Temple (1/1) D:4

Altars:
Ashenzari
Dithmenos
Elyvilon
Gozag
Hepliaklqana
Kikubaaqudgha
Makhleb
Nemelex Xobeh
Okawaru
Qazlal
Ru
Sif Muna
Trog
Uskayaw
Vehumet
Wu Jian
Xom
Yredelemnul
The Shining One

Annotations:
D:2 1 runed translucent door, Crazy Yiuf
D:3 Sigmund


Message History

The wight hits Rodica with a +5 halberd!!
Rodica hits the wight but does no damage.
The wight hits Rodica with a +5 halberd!!
Rodica is destroyed!
Okay, then.
Unknown command.
Okay, then.
Unknown command.
Search for what [Enter for "hep", or ? for help]? wand Unknown command.
There is an open door here.
There is an open door here.
There is an open door here.
You open the door.
There is an open door here.
Rodica emerges from the mists of memory!
Rodica hits the wight.
The wight barely misses Rodica.
Rodica closely misses the wight.
The wight barely misses Rodica.
Rodica barely misses the wight.
The wight hits Rodica with a +5 halberd!
Rodica closely misses the wight.
The wight hits Rodica with a +5 halberd!
Rodica is destroyed!
You are too injured to fight recklessly!
Reach: a) +1 spear (vorpal)
Press: ? - help, Dir - move target, f/p - wight
Aim: a wight, wielding a +5 halberd and wearing a +0 robe (almost destroyed, about 34% to evade your +1 vorpal spear)
You reach to attack!
You hit the wight but do no damage.
The wight is almost destroyed.
The wight hits you from afar with a +5 halberd!
* * * LOW HITPOINT WARNING * * *
You feel drained.
* * * LOW HITPOINT WARNING * * *
Reach: a) +1 spear (vorpal)
Press: ? - help, Dir - move target, f/p - wight
Aim: a wight, wielding a +5 halberd and wearing a +0 robe (almost destroyed, about 34% to evade your +1 vorpal spear)
You reach to attack!
You closely miss the wight.
The wight is almost destroyed.
The wight hits you from afar with a +5 halberd!
You die...

..#......'....#.....#....#
'##..###'#....#+##.####..#
#######..####....#'####..#
#.........#....#...#...#
##........#....#..R#...#
#........'....#...'...#
#........#..z.#[..#...#
####..####....##########
####......p[........#
#.......<........#
#................#
#................#
#................#
#................#
#................#
....##'###+#######
....#.......+


You could see a wight.

Vanquished Creatures
  2 sky beasts (D:5)
  A phantom (D:4)
  3 scorpions
  2 water moccasin zombies (D:5)
  A howler monkey (D:5)
  2 wights
  3 hounds
  A centaur zombie (D:5)
  A bullfrog skeleton (D:5)
  2 gnoll shamans
  A jelly (D:4)
  A scorpion zombie (D:5)
  Jessica (D:3)
  2 iguanas (D:5)
  An orc wizard (D:5)
  A killer bee zombie (D:6)
  9 gnolls
  8 adders
  An adder skeleton (D:4)
  3 worms
  4 dart slugs
  6 orcs
  11 endoplasms
  5 giant cockroaches
  9 goblins
  6 hobgoblins
  5 quokkas
  4 ball pythons
  3 bats
  A frilled lizard (D:1)
  5 kobolds
  6 rats
111 creatures vanquished.

Vanquished Creatures (others)
  3 ancestors (D:6)
3 creatures vanquished.

Grand Total: 114 creatures vanquished

Notes
Turn   | Place    | Note
-------+----------+-------------------------------------------
     0 | D:1      | Mandevil the Human Warper began the quest for the Orb.
     0 | D:1      | Reached XP level 1. HP: 16/16 MP: 3/3
   235 | D:1      | Reached XP level 2. HP: 9/22 MP: 5/5
   878 | D:1      | Reached XP level 3. HP: 28/28 MP: 6/6
  1826 | D:2      | Reached XP level 4. HP: 32/35 MP: 7/7
  2172 | D:2      | Found a runed translucent door.
  2173 | D:2      | Noticed Crazy Yiuf
  3066 | D:3      | Noticed Jessica
  3178 | D:3      | Found a faded altar of an unknown god.
  3267 | D:3      | Noticed Sigmund
  3381 | D:4      | Found a staircase to the Ecumenical Temple.
  3386 | D:4      | Reached XP level 5. HP: 42/42 MP: 8/8
  3455 | D:4      | Found a white marble altar of Elyvilon.
  3530 | D:4      | Noticed a phantom
  3576 | D:5      | Entered Level 5 of the Dungeon
  4347 | D:3      | Killed Jessica
  4471 | D:4      | Reached skill level 5 in Translocations
  4471 | D:4      | Reached XP level 6. HP: 39/49 MP: 9/9
  4811 | Temple   | Entered the Ecumenical Temple
  5126 | Temple   | Became a worshipper of Hepliaklqana the Forgotten
  5529 | D:4      | Learned a level 2 spell: Blink
  5535 | D:4      | Learned a level 5 spell: Manifold Assault
  5566 | D:4      | Reached skill level 5 in Fighting
  5616 | D:4      | Reached XP level 7. HP: 39/56 MP: 10/10
  5994 | D:4      | Identified a scroll of acquirement
  5994 | D:4      | Acquired a +2 pair of gloves of dexterity
  6555 | D:5      | Found a bloodstained altar of Trog.
  6635 | D:5      | Reached XP level 8. HP: 38/64 MP: 11/11
  8264 | D:6      | Reached * piety under Hepliaklqana
  8725 | D:6      | Slain by a wight

Illustrated notes

Levels and vault maps discovered:
D:1:      lemuel_arrival_behind_the_door_large, layout_rooms
D:2:      layout_rooms, serial_bayou_lagoon_b, uniq_crazy_yiuf_cottage
D:3:      layout_basic, gammafunk_ghost_cemetery, serial_shops, shop_statue,
          hellmonk_ecumenical_altar_blasted, uniq_sigmund, uniq_terence,
          uniq_jessica
D:4:      layout_loops_ring, elyvilon_altar_5, minmay_temple_entry_sparse_star,
          kennysheep_boxes
D:5:      layout_loops_cross, minmay_ruined_shrine
D:6:      kennysheep_steamy, layout_gridville, grunt_temple_overflow_open
Temple:   hc_temple_tempest_star

Skill      XL: |  1  2  3  4  5  6  7  8 |
---------------+-------------------------+-----
Fighting       | 3 4 5 7 |  7.2
Translocations | 4 5 6 7 |  7.4
Dodging        | 3 |  3.6
Polearms       | |  2.0
Throwing       | |  1.0
Armour         | |  1.0
Spellcasting   | |  2.0

Action                   |  1- 3 |  4- 6 |  7- 9 || total
-------------------------+-------+-------+-------++-------
Melee: Spear             |   149 |   213 |   261 ||   623
       Punch             |     2 |     5 |     3 ||    10
Throw: Stone             |       |       |     4 ||     4
       Dart              |       |       |     2 ||     2
  Use: Scroll            |     2 |     7 |     4 ||    13
       Potion            |       |     1 |     1 ||     2
 Stab: Sleeping          |       |     2 |     1 ||     3
       Distracted        |       |       |     1 ||     1
Armor: Leather armour    |    36 |    20 |    78 ||   134
Dodge: Dodged            |    76 |    99 |   144 ||   319
       Repelled          |       |       |     1 ||     1
